 Dungeon Crawl Stone Soup version 0.16.2-12-gd0ad4c3 (webtiles) character file.

51 faibistes the Magician (level 3, -3/19 HPs)
             Began as a Deep Elf Wizard on Mar 16, 2018.
             Slain by a gnoll (6 damage)
             ... on level 4 of the Dungeon.
             The game lasted 00:03:55 (1800 turns).

faibistes the Magician (Deep Elf Wizard)            Turns: 1800, Time: 00:03:55

Health: -3/19      AC:  2    Str:  7    XL:     3   Next: 58%
Magic:  14/14      EV: 13    Int: 23    God:
Gold:   43         SH:  0    Dex: 13    Spells: 5 memorised, 1 level left

rFire  . . .     SeeInvis .     w - +1 dagger (venom)
rCold  . . .     Clarity  .     a - +0 robe
rNeg   . . .     SustAb   .     (no shield)
rPois  .         Gourm    .     b - +0 hat
rElec  .         Spirit   .     (no cloak)
rCorr  .         Warding  .     (no gloves)
rMut   .         Stasis   .     (no boots)
MR     .....                    (no amulet)
Stlth  ++........               (no ring)
                                i - +3 ring of strength

@: not resistant to hostile enchantments, unstealthy
A: no striking features
a: no special abilities


You were on level 4 of the Dungeon.
You were hungry.

You visited 1 branch of the dungeon, and saw 4 of its levels.

You collected 43 gold pieces.

Inventory:

Hand weapons
 e - a +0 dagger
 w - a +1 dagger of venom (weapon)
Armour
 a - a +0 robe (worn)
 b - a +0 hat (worn)
Jewellery
 i - a +3 ring of strength (left hand)
Scrolls
 j - a scroll of magic mapping {unknown}
 l - 2 scrolls of identify {unknown}
 n - a scroll of amnesia {unknown}
Potions
 f - a potion of haste {unknown}
 g - a potion of beneficial mutation {unknown}
Books
 c - a book of Minor Magic

   Spells                             Type                      Level
   a - Magic Dart                     Conjuration                  1
   b - Blink                          Translocation                2
   c - Call Imp                       Summoning                    2
   d - Repel Missiles                 Charms/Air                   2
   e - Slow                           Hexes                        2
   f - Conjure Flame                  Conjuration/Fire             3
   g - Mephitic Cloud                 Conjuration/Poison/Air       3
Comestibles
 d - a bread ration
 k - a slice of pizza
 m - a beef jerky
 o - a meat ration


   Skills:
 + Level 3.0 Dodging
 - Level 2.4 Stealth
 * Level 5.2 Spellcasting
 * Level 2.6 Conjurations
 - Level 1.1 Summonings
 - Level 1.1 Translocations


You had one spell level left.
You knew the following spells:

 Your Spells              Type           Power        Failure   Level  Hunger
a - Magic Dart            Conj           ###.         3%          1    None
b - Conjure Flame         Conj/Fire      ##......     17%         3    ##.....
c - Call Imp              Summ           ##......     12%         2    None
d - Blink                 Tloc           N/A          12%         2    None
e - Mephitic Cloud        Conj/Pois/Air  ##......     21%         3    ##.....


Dungeon Overview and Level Annotations

Branches:
Dungeon (4/15)
 Temple: D:4-7

Altars:

Annotations:
D:4 Prince Ribbit


Message History

All of the chunks of flesh in your inventory have rotted away.
You start resting.
You are feeling hungry.
You start resting.
HP restored.
Eat which item? (? for menu, Esc to quit)
You can't eat that!
There is a stone staircase leading down here.
You climb downwards.
Level annotation: Prince Ribbit A bat comes into view.
The quokka closely misses you. The gnoll hits you. The bat barely misses you.
The gnoll hits you with a flail. The quokka barely misses you.
The gnoll misses you.
There is a stone staircase leading up, spattered with blood here.
The bat hits you but does no damage. The quokka barely misses you.
The gnoll hits you with a flail!
* * * LOW HITPOINT WARNING * * *
The gnoll hits you.
You die...

..## ..... ......
### ....... ..$.#
....b..###....#
..............#
.........r.......
.......g@........
...####g.........
...........
....###g.....
...... ......
..... ..... ...
... .. ..


You could see 3 gnolls, a quokka and a bat.

Vanquished Creatures
  An adder (D:3)
  A gnoll (D:3)
  4 oozes (D:1)
  6 bats
  3 hobgoblins (D:1)
  3 kobolds
  2 giant cockroaches (D:1)
  2 giant newts (D:2)
  5 goblins (D:1)
  4 rats
31 creatures vanquished.

Notes
Turn   | Place    | Note
--------------------------------------------------------------
     0 | D:1      | faibistes, the Deep Elf Wizard, began the quest for the Orb.
     0 | D:1      | Reached XP level 1. HP: 10/10 MP: 6/6
   543 | D:1      | Reached XP level 2. HP: 15/15 MP: 7/9
   613 | D:1      | Learned a level 2 spell: Blink
   616 | D:1      | Learned a level 2 spell: Call Imp
  1044 | D:1      | Reached skill level 5 in Spellcasting
  1129 | D:1      | Reached XP level 3. HP: 19/19 MP: 1/14
  1147 | D:1      | Learned a level 3 spell: Conjure Flame
  1151 | D:1      | Learned a level 3 spell: Mephitic Cloud
  1479 | D:4      | Noticed Prince Ribbit
  1800 | D:4      | Slain by a gnoll

Action                   || total
-------------------------++-------
Melee: Dagger            ||     9
       Unarmed           ||     2
 Cast: Magic Dart        ||    84
       Mephitic Cloud    ||     2
 Stab: Sleeping          ||     1
  Eat: Chunk             ||     2
